 Dungeon Crawl Stone Soup version 0.23.0-3-gf3c87f2 (webtiles) character file.

Game seed: 9622340431982756985

68 Gadfly the Vexing (level 4, 0/22 HPs)
             Began as a Spriggan Arcane Marksman on Feb 23, 2019.
             Slain by a leopard gecko (1 damage)
             ... on level 3 of the Dungeon.
             The game lasted 00:03:09 (2549 turns).

Gadfly the Vexing (Spriggan Arcane Marksman)        Turns: 2549, Time: 00:03:09

Health: 0/22       AC:  2    Str:  6    XL:     4   Next: 1%
Magic:  9/9        EV: 19    Int: 15    God:
Gold:   70         SH:  0    Dex: 16    Spells: 4/8 levels left

rFire    + . .     SeeInvis +   a - +0 hunting sling
rCold    . . .     Gourm    .   (shield restricted)
rNeg     . . .     Faith    .   e - +0 robe
rPois    .         Spirit   .   (helmet restricted)
rElec    .         Reflect  .   (no cloak)
rCorr    .         Harm     .   (gloves unavailable)
MR       .....                  (boots unavailable)
Stlth    +.........             (no amulet)
HPRegen  0.07/turn              c - ring of protection from fire
MPRegen  0.11/turn              (no ring)

@: very quick
A: very small, unfitting armour, see invisible, herbivore, speed 3, slow
metabolism 2
a: no special abilities


You were on level 3 of the Dungeon.
You were not hungry.

You visited 1 branch of the dungeon, and saw 3 of its levels.

You collected 70 gold pieces.

Inventory:

Hand Weapons
 a - a +0 hunting sling (weapon)
 q - a +0 short sword
Missiles
 d - 15 sling bullets
 o - 6 stones (quivered)
Armour
 e - a +0 robe (worn)
Jewellery
 c - a ring of protection from fire (left hand)
 l - an uncursed amulet of magic regeneration {unknown}
Scrolls
 b - a scroll of teleportation {unknown}
 h - 2 scrolls of blinking {unknown}
 j - 2 scrolls of fog {unknown}
 m - a scroll of remove curse {unknown}
Potions
 g - 2 potions of heal wounds {unknown}
 i - a potion of agility {unknown}
 k - a potion of magic {unknown}
 n - a potion of degeneration {unknown}
 p - a potion of might {unknown}
Comestibles
 f - 5 rations


   Skills:
 + Level 1.2 Fighting
 * Level 3.4 Slings
 + Level 3.6 Dodging
 * Level 2.8 Spellcasting
 + Level 4.0 Hexes


You had 4 spell levels left.
You knew the following spells:

 Your Spells              Type           Power        Failure   Level  Hunger
a - Corona                Hex            ##.....      4%          1    #......
b - Inner Flame           Hex/Fire       #.......     26%         3    ###....

Your spell library contained the following spells:

 Spells                   Type           Power        Failure   Level  Hunger
 Slow                     Hex            ##......     6%          2    ##.....
 Portal Projectile        Hex/Tloc       #.....       26%         3    ###....
 Cause Fear               Hex            ##........   36%         4    #####..
 Leda's Liquefaction      Hex/Erth       #.........   65%         4    #####..


Dungeon Overview and Level Annotations

Branches:
Dungeon (3/15)

Altars:
Wu Jian
Xom


Innate Abilities, Weirdness & Mutations

You are very small and have problems with some larger weapons.
You are too small for most types of armour.
You have supernaturally acute eyesight. (SInv)
You are a herbivore.
You cover ground extremely quickly.
You need to consume almost no food.


Message History

The orc wizard misses you. The leopard gecko barely misses you.
The orc closely misses you.
Firing (i - inventory. (/) - cycle)
o - 7 stones (quivered)
Press: ? - help, Shift-Dir - straight line, f/p - orc wizard
Aim: an orc wizard, wielding a +0 dagger and wearing a +0 robe of resistance (fast)
You shoot a stone. The stone hits the orc wizard.
The orc wizard is lightly wounded.
The orc wizard hits you with a +0 dagger.
The leopard gecko bites you but does no damage.
The orc hits you with a +0 hand axe.
* * * LOW HITPOINT WARNING * * *
The orc hits you but does no damage.
The orc wizard hits you with a +0 dagger.
* * * LOW HITPOINT WARNING * * *
You are too injured to fight recklessly!
You are too injured to fight recklessly!
You are too injured to fight recklessly!
You are too injured to fight recklessly!
The leopard gecko bites you.
You die...

# ######
##..#....#
#..!.o@o(#
#...#ol###
#. ...b[
.......#
#..#(.(..
....######.
.(# . #. #


You could see an orc wizard, 2 orcs, a leopard gecko and a bat.

Vanquished Creatures
  A gnoll (D:1)
  2 adders (D:2)
  3 dart slugs
  4 bats (D:1)
  A giant cockroach (D:1)
  4 goblins
  A hobgoblin (D:2)
  6 jackals (D:2)
  2 ball pythons
  2 frilled lizards (D:2)
  4 kobolds (D:2)
  6 rats
36 creatures vanquished.

Notes
Turn   | Place    | Note
-------+----------+-------------------------------------------
     0 | D:1      | Gadfly the Spriggan Arcane Marksman began the quest for the
                  | Orb.
     0 | D:1      | Reached XP level 1. HP: 9/9 MP: 3/3
    69 | D:1      | Reached skill level 1 in Fighting
    69 | D:1      | Reached XP level 2. HP: 6/14 MP: 1/5
  1510 | D:2      | Reached XP level 3. HP: 17/18 MP: 7/7
  1695 | D:2      | Learned a level 3 spell: Inner Flame
  2188 | D:2      | Reached skill level 4 in Hexes
  2437 | D:2      | Reached XP level 4. HP: 22/22 MP: 9/9
  2508 | D:2      | Found a shimmering altar of Xom.
  2508 | D:2      | Found an ornate altar of the Wu Jian Council.
  2548 | D:3      | HP: 1/22 [orc wizard/+0 dagger (5)]
  2549 | D:3      | Slain by a leopard gecko

Skill      XL: |  1  2  3 |
---------------+----------+-----
Fighting       | 1 |  1.2
Spellcasting   | 2 |  2.8
Slings         | 3 |  3.4
Hexes          | 4 |  4.0
Dodging        | |  3.6

Action                   |  1- 3 |  4- 6 || total
-------------------------+-------+-------++-------
 Fire: Hunting sling     |   133 |    11 ||   144
 Cast: Corona            |     1 |       ||     1
Armor: Robe              |    11 |     4 ||    15
Dodge: Dodged            |    80 |     8 ||    88
